AoeStats
← Goose2210

Arabia

509414401Analyzed
1v1 RM · 5d ago on Sep 26, 2026· 17m 52s· 2 players
Game mode
Random Map
Map size
Tiny (2 player)
Population
200
Speed
Normal
Resources
Standard
Victory
Conquest
Starting age
Dark Age
Ending age
Imperial Age
RankedLock teamsTeams togetherTeam positionsShared explorationLock speedFull tech treeHidden civsTurbo modeCheats
Victory
Defeat
🇨🇴 Burgundians · Colombia
1213
+18
🇦🇷 Franks · Argentina
1258
-18
CHILL_
6:26 Loom
8:37 Feudal Age
10:04 Double-Bit Axe
Goose2210
4:45 Double-Bit Axe
7:25 Loom
11:04 Feudal Age
12:26 Bow Saw
16:51 Horse Collar
17:18 Town Watch
Connection lost

Rejoining the realm…

Still unreachable

The connection could not be restored.

Session expired

The server has moved on; the page needs a fresh start.